[Event "FICS rated blitz game"]
[Site "FICS freechess.org"]
[FICSGamesDBGameNo "20000622"]
[White "Taffa"]
[Black "tosted"]
[WhiteElo "1713"]
[BlackElo "1685"]
[WhiteRD "na"]
[BlackRD "na"]
[TimeControl "300+0"]
[Date "1999.05.16"]
[Time "07:07:00"]
[WhiteClock "0:05:00.000"]
[BlackClock "0:05:00.000"]
[ECO "C53"]
[PlyCount "97"]
[Result "1-0"]

1. e4 e5 2. Nf3 Nc6 3. Bc4 Bc5 4. c3 d6 5. d4 exd4 6. cxd4 Bb4+ 7. Nc3 Nf6 8. Bg5 h6 9. Bxf6 Qxf6 10. O-O Bg4 11. Nd5 Qd8 12. Nxb4 Nxb4 13. h3 Bxf3 14. Qxf3 O-O 15. Rad1 Qg5 16. a3 Nc6 17. Qe3 Qxe3 18. fxe3 Rae8 19. Bd3 a6 20. Rf2 b5 21. Rdf1 f6 22. Rc1 Nb8 23. Rxc7 d5 24. e5 fxe5 25. Bg6 Rxf2 26. Bxe8 Rxb2 27. Bg6 Kf8 28. Rc8+ Ke7 29. Rxb8 exd4 30. exd4 Ra2 31. Rb6 Rxa3 32. Kf2 Ra2+ 33. Kf3 Ra3+ 34. Kf4 Ra2 35. g3 Ra5 36. g4 Ra3 37. h4 Ra4 38. Ke5 Ra5 39. Kxd5 b4+ 40. Kc4 Ra3 41. Kxb4 Rg3 42. Bf5 Rg2 43. Kc5 a5 44. Kd5 a4 45. Ra6 Ra2 46. Ke5 Kd8 47. Kd6 Ke8 48. Bg6+ Kf8 49. Ra8# {Black checkmated} 1-0

[Event "FICS rated standard game"]
[Site "FICS freechess.org"]
[FICSGamesDBGameNo "20000621"]
[White "cfcoen"]
[Black "BrooklynRaw"]
[WhiteElo "1731"]
[BlackElo "1229"]
[WhiteRD "na"]
[BlackRD "na"]
[TimeControl "600+12"]
[Date "1999.05.15"]
[Time "19:51:00"]
[WhiteClock "0:10:00.000"]
[BlackClock "0:10:00.000"]
[ECO "C68"]
[PlyCount "111"]
[Result "1-0"]

1. e4 e5 2. Nf3 Nc6 3. Bb5 a6 4. Bxc6 bxc6 5. Nxe5 d5 6. Nxc6 Qf6 7. exd5 Bc5 8. O-O Bb7 9. Qe2+ Ne7 10. d4 Bxd4 11. Nxd4 Qxd4 12. Bg5 f6 13. c3 Qe5 14. Qxe5 fxe5 15. Bxe7 Kxe7 16. Re1 Kd6 17. c4 c6 18. Nc3 Rae8 19. Ne4+ Kd7 20. Nc5+ Kc7 21. d6+ Kb6 22. Nd7+ Ka5 23. b4+ Kxb4 24. Rab1+ Kxc4 25. Rxb7 Kd5 26. Rd1+ Ke6 27. Nc5+ Kf5 28. Rxg7 Kf6 29. Rg3 a5 30. d7 Ref8 31. Rf3+ Ke7 32. Re3 Rf5 33. Nb7 Rff8 34. Rxe5+ Kf6 35. Re3 Rb8 36. d8=Q+ Rhxd8 37. Nxd8 Rb2 38. a3 c5 39. g3 Kf5 40. Rc3 Ke4 41. Rxc5 Kf3 42. Rf5+ Ke2 43. Ra1 a4 44. Nc6 Kd3 45. Rf4 Rc2 46. Ne5+ Kc3 47. Rxa4 Re2 48. Ra5 Kd4 49. f4 Ke3 50. Rd5 Ke4 51. Rdd1 Rc2 52. a4 h5 53. a5 h4 54. Ra4+ Ke3 55. Rd3+ Ke2 56. Re4# {Black checkmated} 1-0

[Event "FICS rated blitz game"]
[Site "FICS freechess.org"]
[FICSGamesDBGameNo "20000620"]
[White "nnb"]
[Black "KayhiKing"]
[WhiteElo "1625"]
[BlackElo "1625"]
[WhiteRD "na"]
[BlackRD "na"]
[TimeControl "180+0"]
[Date "1999.05.15"]
[Time "15:58:00"]
[WhiteClock "0:03:00.000"]
[BlackClock "0:03:00.000"]
[ECO "A43"]
[PlyCount "32"]
[Result "1/2-1/2"]

1. d4 c5 2. d5 Nf6 3. Nf3 d6 4. c4 e6 5. Nc3 Be7 6. Bg5 O-O 7. Qd2 exd5 8. Bxf6 Bxf6 9. Nxd5 b6 10. e3 Bb7 11. h3 Bxd5 12. Qxd5 Nd7 13. Rb1 Qc7 14. Be2 a5 15. O-O Rae8 16. Ng5 Bxg5 {Game drawn by mutual agreement} 1/2-1/2

[Event "FICS rated blitz game"]
[Site "FICS freechess.org"]
[FICSGamesDBGameNo "20000618"]
[White "thrilos"]
[Black "VOleg"]
[WhiteElo "1665"]
[BlackElo "1690"]
[WhiteRD "na"]
[BlackRD "na"]
[TimeControl "180+0"]
[Date "1999.05.15"]
[Time "14:35:00"]
[WhiteClock "0:03:00.000"]
[BlackClock "0:03:00.000"]
[ECO "A00"]
[PlyCount "82"]
[Result "0-1"]

1. f3 e5 2. Kf2 d5 3. d4 e4 4. e3 Bd6 5. Nc3 Qh4+ 6. g3 Bxg3+ 7. hxg3 Qxh1 8. Bg2 Qh5 9. Bd2 Nf6 10. Qe2 O-O 11. Nh3 c6 12. Rh1 exf3 13. Bxf3 Bg4 14. Bxg4 Qxg4 15. Qf1 Ne4+ 16. Ke1 Qxg3+ 17. Kd1 Nd7 18. Nxe4 dxe4 19. Nf4 Qf3+ 20. Qxf3 exf3 21. c3 g5 22. Nh3 g4 23. Ng5 Nf6 24. e4 h6 25. e5 hxg5 26. exf6 Rfe8 27. Bxg5 c5 28. Bh6 Kh7 29. Bg7+ Kg6 30. Rh6+ Kf5 31. Rh5+ Kf4 32. Bh6+ Kg3 33. Rf5 Rh8 34. Bf4+ Kf2 35. Kd2 c4 36. Be3+ Kf1 37. Bf4 Rae8 38. Bg3 Re2+ 39. Kd1 Rh1 40. Re5 Kg2+ 41. Be1 Rhxe1# {White checkmated} 0-1

[Event "FICS rated blitz game"]
[Site "FICS freechess.org"]
[FICSGamesDBGameNo "20000617"]
[White "Damp"]
[Black "CHESSIGOR"]
[WhiteElo "1906"]
[BlackElo "1884"]
[WhiteRD "na"]
[BlackRD "na"]
[TimeControl "300+0"]
[Date "1999.05.15"]
[Time "14:05:00"]
[WhiteClock "0:05:00.000"]
[BlackClock "0:05:00.000"]
[ECO "C02"]
[PlyCount "61"]
[Result "1-0"]

1. e4 e6 2. d4 d5 3. e5 c5 4. c3 Nc6 5. Nf3 cxd4 6. cxd4 Qb6 7. Be2 Bd7 8. O-O Rc8 9. b3 Nge7 10. Bb2 Nf5 11. Kh1 Be7 12. Nc3 a6 13. Na4 Qa7 14. Rc1 b5 15. Nc5 Bxc5 16. Rxc5 O-O 17. a3 Na5 18. b4 Nc4 19. Bc3 Rxc5 20. bxc5 a5 21. Bd3 Rb8 22. g4 Nh6 23. Nh4 b4 24. axb4 axb4 25. g5 bxc3 26. gxh6 gxh6 27. Qh5 Nd2 28. Rg1+ Kf8 29. Qxh6+ Ke7 30. Qf6+ Kf8 31. Bxh7 {Black resigns} 1-0

[Event "FICS rated blitz game"]
[Site "FICS freechess.org"]
[FICSGamesDBGameNo "20000616"]
[White "tofe"]
[Black "promoman"]
[WhiteElo "1602"]
[BlackElo "1684"]
[WhiteRD "na"]
[BlackRD "na"]
[TimeControl "180+0"]
[Date "1999.05.15"]
[Time "09:46:00"]
[WhiteClock "0:03:00.000"]
[BlackClock "0:03:00.000"]
[ECO "B21"]
[PlyCount "105"]
[Result "1-0"]

1. e4 c5 2. Nf3 d6 3. d4 cxd4 4. c3 dxc3 5. Nxc3 Nc6 6. Bc4 e6 7. O-O Be7 8. Qe2 Qc7 9. Rd1 Nf6 10. Bf4 a6 11. Rac1 O-O 12. h3 Rd8 13. a4 Qa5 14. Bb3 e5 15. Bg5 Be6 16. Bxf6 Bxf6 17. Nd5 Bxd5 18. Rxd5 Qb6 19. Bc4 Rac8 20. Rcd1 Na5 21. Ba2 Be7 22. Qd2 Nc4 23. Bxc4 Rxc4 24. Qd3 Rcc8 25. b3 g6 26. Nd2 Rc5 27. Nc4 Rxd5 28. exd5 Qc5 29. Rd2 f5 30. Kh1 Bf6 31. f4 e4 32. Qe2 Re8 33. g4 b5 34. axb5 axb5 35. Ne3 Bd4 36. Ng2 Qxd5 37. Qd1 e3 38. Rxd4 Qxb3 39. Qe2 Qb1+ 40. Kh2 Qa1 41. Rxd6 fxg4 42. hxg4 Qc1 43. f5 b4 44. fxg6 hxg6 45. Nf4 g5 46. Nh5 b3 47. Nf6+ Kf7 48. Nxe8 Kxe8 49. Qb5+ Ke7 50. Qd7+ Kf8 51. Rf6+ Kg8 52. Qf7+ Kh8 53. Rh6# {Black checkmated} 1-0

[Event "FICS rated blitz game"]
[Site "FICS freechess.org"]
[FICSGamesDBGameNo "20000615"]
[White "geomck"]
[Black "burgin"]
[WhiteElo "1618"]
[BlackElo "1444"]
[WhiteRD "na"]
[BlackRD "na"]
[TimeControl "300+0"]
[Date "1999.05.15"]
[Time "06:51:00"]
[WhiteClock "0:05:00.000"]
[BlackClock "0:05:00.000"]
[ECO "C12"]
[PlyCount "107"]
[Result "1-0"]

1. e4 e6 2. d4 d5 3. Nc3 Nf6 4. Bg5 Bb4 5. e5 h6 6. Bd2 Bxc3 7. bxc3 Ne4 8. Qg4 g6 9. Bd3 Nxd2 10. Kxd2 c5 11. h4 Nc6 12. Rh3 cxd4 13. cxd4 Qb6 14. Ke3 Bd7 15. Qf4 O-O-O 16. Ne2 Rdf8 17. c3 Qc7 18. Qf6 Qd8 19. Rf3 Qxf6 20. Rxf6 Na5 21. g4 Nc4+ 22. Kf3 a6 23. Rg1 b5 24. g5 h5 25. Nc1 a5 26. Nb3 a4 27. Nc5 Bc6 28. Ke2 Kc7 29. Rb1 Na3 30. Rb4 Nc4 31. Rf3 Rb8 32. Rxf7+ Kb6 33. Nxe6 Rb7 34. Rxb7+ Kxb7 35. Nc5+ Kc7 36. Ne6+ Kd7 37. Nf4 Rg8 38. Nxg6 Rxg6 39. Bxg6 Ke6 40. Bxh5 Kf5 41. g6 Be8 42. g7 Bxh5+ 43. Kd3 Bf7 44. Rxb5 Kg4 45. Rb7 Be6 46. Re7 Bg8 47. Re8 Bh7+ 48. Ke2 Kxh4 49. g8=Q Bxg8 50. Rxg8 Na3 51. e6 Kh5 52. e7 Kh4 53. e8=Q Kh3 54. Qh5# {Black checkmated} 1-0

[Event "FICS rated blitz game"]
[Site "FICS freechess.org"]
[FICSGamesDBGameNo "20000614"]
[White "Vald"]
[Black "Stacey"]
[WhiteElo "1870"]
[BlackElo "1458"]
[WhiteRD "na"]
[BlackRD "na"]
[TimeControl "180+0"]
[Date "1999.05.14"]
[Time "23:55:00"]
[WhiteClock "0:03:00.000"]
[BlackClock "0:03:00.000"]
[ECO "B12"]
[PlyCount "133"]
[Result "1-0"]

1. e4 c6 2. d4 d5 3. e5 e6 4. f4 c5 5. c3 cxd4 6. Nf3 dxc3 7. Nxc3 Bb4 8. Bd3 Ne7 9. O-O Nf5 10. Bxf5 exf5 11. Nxd5 Bc5+ 12. Kh1 Be6 13. Be3 Bxe3 14. Nxe3 O-O 15. Qxd8 Rxd8 16. Ng5 Nc6 17. Nxe6 fxe6 18. Rfd1 Kf7 19. g3 Rd4 20. Rxd4 Nxd4 21. Rd1 Nc6 22. Rd7+ Kg6 23. Rxb7 Rd8 24. Rc7 Nb4 25. a3 Nd3 26. Re7 Nf2+ 27. Kg2 Rd2 28. Rxe6+ Kf7 29. Ra6 Ng4+ 30. Kg1 Rxb2 31. Nxg4 fxg4 32. Rxa7+ Kg6 33. a4 Ra2 34. a5 Kf5 35. a6 h6 36. Rxg7 Rxa6 37. Rd7 Ke6 38. Rd6+ Rxd6 39. exd6 Kxd6 40. Kf2 Ke6 41. Ke3 Kf5 42. Kd4 h5 43. Kd5 Kf6 44. Ke4 Ke6 45. f5+ Kf6 46. Kf4 Kf7 47. Kg5 Kg7 48. Kxh5 Kh7 49. Kxg4 Kg7 50. Kg5 Kf7 51. f6 Kf8 52. Kg6 Kg8 53. f7+ Kf8 54. h4 Ke7 55. Kg7 Kd6 56. f8=Q+ Kd5 57. Qf4 Kc5 58. h5 Kc6 59. h6 Kd5 60. h7 Ke6 61. h8=Q Kd5 62. Qhh6 Kc5 63. Qhg5+ Kc6 64. Qff6+ Kd7 65. Kh6 Kc7 66. Qgg7+ Kc8 67. Qff8# {Black checkmated} 1-0

[Event "FICS rated blitz game"]
[Site "FICS freechess.org"]
[FICSGamesDBGameNo "20000613"]
[White "UPRISING"]
[Black "chessvan"]
[WhiteElo "1316"]
[BlackElo "1332"]
[WhiteRD "na"]
[BlackRD "na"]
[TimeControl "240+11"]
[Date "1999.05.14"]
[Time "21:45:00"]
[WhiteClock "0:04:00.000"]
[BlackClock "0:04:00.000"]
[ECO "C31"]
[PlyCount "39"]
[Result "1-0"]

1. e4 e5 2. f4 d5 3. exd5 c6 4. fxe5 Qh4+ 5. g3 Qe4+ 6. Qe2 Qxh1 7. Nf3 Bg4 8. e6 fxe6 9. d4 Qxf3 10. Qc4 exd5 11. Qa4 Qe4+ 12. Kf2 Nf6 13. Bf4 h6 14. Nd2 Qg6 15. Re1+ Be7 16. Bd6 Ne4+ 17. Nxe4 dxe4 18. Bxe7 Qf5+ 19. Kg1 Kxe7 20. Qb4+ {Black forfeits on time} 1-0

[Event "FICS rated blitz game"]
[Site "FICS freechess.org"]
[FICSGamesDBGameNo "20000611"]
[White "Gruuk"]
[Black "Bezobzira"]
[WhiteElo "1647"]
[BlackElo "1731"]
[WhiteRD "na"]
[BlackRD "na"]
[TimeControl "180+0"]
[Date "1999.05.14"]
[Time "21:08:00"]
[WhiteClock "0:03:00.000"]
[BlackClock "0:03:00.000"]
[ECO "D00"]
[PlyCount "34"]
[Result "0-1"]

1. d4 Nf6 2. Nc3 d5 3. e4 dxe4 4. f3 exf3 5. Nxf3 Bf5 6. Ne5 e6 7. g4 Bg6 8. Qf3 Nbd7 9. Nxd7 Nxd7 10. h4 Bd6 11. Bg5 f6 12. Be3 Qe7 13. O-O-O O-O-O 14. Ba6 bxa6 15. Qa8+ Nb8 16. Qxa7 c6 17. Na4 Qxa7 {White resigns} 0-1

[Event "FICS rated lightning game"]
[Site "FICS freechess.org"]
[FICSGamesDBGameNo "20000610"]
[White "beercan"]
[Black "fester"]
[WhiteElo "1865"]
[BlackElo "1834"]
[WhiteRD "na"]
[BlackRD "na"]
[TimeControl "60+0"]
[Date "1999.05.14"]
[Time "17:50:00"]
[WhiteClock "0:01:00.000"]
[BlackClock "0:01:00.000"]
[ECO "B01"]
[PlyCount "47"]
[Result "1-0"]

1. e4 d5 2. exd5 Qxd5 3. Nc3 Qa5 4. d4 Nf6 5. Bd2 c6 6. Bd3 Qb6 7. Nf3 Qxb2 8. O-O Bg4 9. Rb1 Qa3 10. Rxb7 e6 11. Bg5 Be7 12. Ne4 Nxe4 13. Rxe7+ Qxe7 14. Bxe7 Nc3 15. Qd2 Bxf3 16. Qxc3 Kxe7 17. gxf3 g6 18. Qc5+ Kf6 19. Qe5+ Ke7 20. Qxh8 a5 21. Rb1 Ra7 22. Qxb8 Rd7 23. Rb7 Rxb7 24. Qxb7+ {Black resigns} 1-0

[Event "FICS rated lightning game"]
[Site "FICS freechess.org"]
[FICSGamesDBGameNo "20000609"]
[White "figolf"]
[Black "xnogu"]
[WhiteElo "1997"]
[BlackElo "1907"]
[WhiteRD "na"]
[BlackRD "na"]
[TimeControl "60+0"]
[Date "1999.05.14"]
[Time "16:16:00"]
[WhiteClock "0:01:00.000"]
[BlackClock "0:01:00.000"]
[ECO "D02"]
[PlyCount "93"]
[Result "0-1"]

1. d4 d5 2. Nf3 h6 3. Bf4 g5 4. Be5 Nf6 5. h4 g4 6. Nfd2 h5 7. Bxf6 exf6 8. e3 Bh6 9. Bd3 Qe7 10. Qe2 c6 11. c3 f5 12. g3 Be6 13. Na3 Nd7 14. Nc2 Nf6 15. O-O-O Ne4 16. Bxe4 fxe4 17. c4 f5 18. c5 Kf7 19. Nb1 b6 20. b4 bxc5 21. dxc5 a5 22. a3 axb4 23. axb4 Rhb8 24. Qd2 Ra2 25. Qc3 Bg7 26. Nd4 Ra4 27. Nxc6 Bxc3 28. Nxe7 Bxb4 29. Nc6 Rb7 30. Nxb4 Raxb4 31. Nc3 Rc7 32. Ne2 Rxc5+ 33. Kd2 Rb2+ 34. Ke1 Rcc2 35. Nf4 Rxf2 36. Rf1 Rxf1+ 37. Kxf1 Rb5 38. Rb1 Rxb1+ 39. Ke2 Rb2+ 40. Kd1 Rb3 41. Kc1 Rxe3 42. Kc2 Rxg3 43. Kd2 Rh3 44. Ke1 Rxh4 45. Kf2 Rh2+ 46. Kg3 h4+ 47. Kxh2 {White forfeits on time} 0-1

[Event "FICS rated blitz game"]
[Site "FICS freechess.org"]
[FICSGamesDBGameNo "20000608"]
[White "Morinter"]
[Black "Plovjern"]
[WhiteElo "1538"]
[BlackElo "1611"]
[WhiteRD "na"]
[BlackRD "na"]
[TimeControl "180+0"]
[Date "1999.05.14"]
[Time "16:15:00"]
[WhiteClock "0:03:00.000"]
[BlackClock "0:03:00.000"]
[ECO "A52"]
[PlyCount "85"]
[Result "1-0"]

1. d4 Nf6 2. c4 e5 3. dxe5 Ng4 4. Nf3 Nc6 5. Bf4 Bb4+ 6. Nbd2 d6 7. h3 dxe5 8. a3 Bxd2+ 9. Bxd2 Nf6 10. Bg5 O-O 11. e3 Qxd1+ 12. Rxd1 Ne4 13. Bh4 Be6 14. Bd3 f6 15. Bxe4 Na5 16. b4 Nxc4 17. Bxb7 Rab8 18. Be4 Nxa3 19. O-O Nc4 20. Bd3 Rxb4 21. Bxc4 Bxc4 22. Rb1 Rxb1 23. Rxb1 a6 24. Nd2 Bb5 25. Ne4 c6 26. Nc5 Rd8 27. g3 Rd2 28. Kg2 a5 29. Kf3 a4 30. Ne4 Rc2 31. Ra1 Rc4 32. Nd2 Rc2 33. Nb1 Kf7 34. Na3 g5 35. Nxb5 cxb5 36. g4 gxh4 37. Ke4 Ke6 38. f3 Rc4+ 39. Kd3 Kd5 40. Rb1 Kc5 41. Kd2 Rb4 42. Rc1+ Rc4 43. Rxc4+ {Black forfeits on time} 1-0

[Event "FICS rated blitz game"]
[Site "FICS freechess.org"]
[FICSGamesDBGameNo "20000607"]
[White "mizzou"]
[Black "Barnabas"]
[WhiteElo "1179"]
[BlackElo "1046"]
[WhiteRD "na"]
[BlackRD "na"]
[TimeControl "120+12"]
[Date "1999.05.14"]
[Time "14:54:00"]
[WhiteClock "0:02:00.000"]
[BlackClock "0:02:00.000"]
[ECO "D00"]
[PlyCount "53"]
[Result "1-0"]

1. d4 Nf6 2. e3 d5 3. Bd3 g6 4. c3 Bg7 5. Nd2 Nc6 6. f4 Bg4 7. Ngf3 O-O 8. O-O Qd7 9. Qe2 Bf5 10. Ne5 Nxe5 11. fxe5 Ne4 12. Qf3 c5 13. Nxe4 dxe4 14. Bxe4 Bxe4 15. Qxe4 cxd4 16. exd4 Rac8 17. Rf2 f5 18. exf6 exf6 19. Qh4 Rce8 20. Bh6 Qf5 21. Rxf5 gxf5 22. Bxg7 Kxg7 23. Qg3+ Kh8 24. Re1 Rd8 25. Re7 Rg8 26. Qc7 Rg7 27. Rxg7 {Black resigns} 1-0

[Event "FICS rated lightning game"]
[Site "FICS freechess.org"]
[FICSGamesDBGameNo "20000606"]
[White "tps"]
[Black "Sasha"]
[WhiteElo "1798"]
[BlackElo "1505"]
[WhiteRD "na"]
[BlackRD "na"]
[TimeControl "60+0"]
[Date "1999.05.14"]
[Time "13:13:00"]
[WhiteClock "0:01:00.000"]
[BlackClock "0:01:00.000"]
[ECO "D53"]
[PlyCount "55"]
[Result "1-0"]

1. d4 e6 2. c4 d5 3. Nc3 Nf6 4. Bg5 Be7 5. Bxf6 Bxf6 6. e3 dxc4 7. Nf3 Nd7 8. Bxc4 b6 9. O-O Bb7 10. d5 exd5 11. Nxd5 O-O 12. Qc2 Bxd5 13. Bxd5 Rc8 14. Rad1 Qe7 15. Bb7 Rcd8 16. Qxc7 Rfe8 17. Bc6 Ne5 18. Qxe7 Bxe7 19. Nxe5 Rxd1 20. Rxd1 Bf6 21. Bxe8 g6 22. Ng4 Be7 23. Rd7 Kf8 24. Rxe7 Kxe7 25. Bb5 f5 26. Ba6 fxg4 27. Bb7 Kd6 28. g3 {Black forfeits on time} 1-0

[Event "FICS rated blitz game"]
[Site "FICS freechess.org"]
[FICSGamesDBGameNo "20000605"]
[White "felko"]
[Black "kmah"]
[WhiteElo "1169"]
[BlackElo "1152"]
[WhiteRD "na"]
[BlackRD "na"]
[TimeControl "120+12"]
[Date "1999.05.14"]
[Time "13:00:00"]
[WhiteClock "0:02:00.000"]
[BlackClock "0:02:00.000"]
[ECO "B86"]
[PlyCount "42"]
[Result "0-1"]

1. e4 c5 2. Nf3 d6 3. Bc4 e6 4. d4 cxd4 5. Nxd4 Nf6 6. Nc3 g6 7. Bg5 Bg7 8. O-O Nbd7 9. Re1 Ne5 10. Bb5+ Bd7 11. f4 Bxb5 12. fxe5 dxe5 13. Ndxb5 O-O 14. Qf3 Qe7 15. Qg3 Rad8 16. Qxe5 Rd2 17. Rac1 Qb4 18. b3 Ng4 19. Qg3 Bxc3 20. Qxg4 Rxg2+ 21. Qxg2 Bxe1 {White forfeits on time} 0-1

[Event "FICS rated blitz game"]
[Site "FICS freechess.org"]
[FICSGamesDBGameNo "20000604"]
[White "CHESSIGOR"]
[Black "lpyats"]
[WhiteElo "1829"]
[BlackElo "1879"]
[WhiteRD "na"]
[BlackRD "na"]
[TimeControl "300+0"]
[Date "1999.05.14"]
[Time "10:59:00"]
[WhiteClock "0:05:00.000"]
[BlackClock "0:05:00.000"]
[ECO "B22"]
[PlyCount "29"]
[Result "1/2-1/2"]

1. e4 c5 2. c3 Nf6 3. e5 Nd5 4. d4 cxd4 5. Nf3 e6 6. cxd4 d6 7. a3 Nc6 8. Bd3 Be7 9. O-O O-O 10. Qe2 f5 11. exf6 Nxf6 12. Nc3 Bd7 13. Bg5 Rc8 14. Rad1 Qe8 15. Bb1 {Game drawn by mutual agreement} 1/2-1/2

[Event "FICS rated blitz game"]
[Site "FICS freechess.org"]
[FICSGamesDBGameNo "20000603"]
[White "adal"]
[Black "Jackske"]
[WhiteElo "1611"]
[BlackElo "1694"]
[WhiteRD "na"]
[BlackRD "na"]
[TimeControl "300+0"]
[Date "1999.05.14"]
[Time "10:50:00"]
[WhiteClock "0:05:00.000"]
[BlackClock "0:05:00.000"]
[ECO "D52"]
[PlyCount "85"]
[Result "1/2-1/2"]

1. d4 d5 2. c4 c6 3. Nf3 Nf6 4. Nc3 e6 5. Bg5 Nbd7 6. e3 Qa5 7. cxd5 exd5 8. Bxf6 Nxf6 9. Qd2 Bb4 10. a3 O-O 11. Bd3 Bg4 12. Ne5 Bd6 13. O-O Rfe8 14. Nxg4 Nxg4 15. h3 Nh6 16. b4 Qd8 17. Rab1 Qh4 18. a4 g5 19. Qe2 g4 20. f4 gxh3 21. gxh3 Kh8 22. Kh2 Rg8 23. Rg1 Rae8 24. Rxg8+ Kxg8 25. Rg1+ Kh8 26. Qf3 Bxb4 27. Nd1 Bd6 28. Nf2 Rg8 29. Rxg8+ Kxg8 30. Ng4 Nxg4+ 31. Qxg4+ Qxg4 32. hxg4 h6 33. Kh3 f6 34. Kh4 Kg7 35. Kh5 a6 36. Bf5 b5 37. axb5 axb5 38. Bd7 c5 39. Bxb5 cxd4 40. exd4 Bxf4 41. Bc6 Be3 42. Bxd5 Bxd4 43. Be6 {Game drawn by mutual agreement} 1/2-1/2

[Event "FICS rated blitz game"]
[Site "FICS freechess.org"]
[FICSGamesDBGameNo "20000602"]
[White "TheViking"]
[Black "nokturnal"]
[WhiteElo "1865"]
[BlackElo "1825"]
[WhiteRD "na"]
[BlackRD "na"]
[TimeControl "180+3"]
[Date "1999.05.14"]
[Time "10:36:00"]
[WhiteClock "0:03:00.000"]
[BlackClock "0:03:00.000"]
[ECO "B01"]
[PlyCount "75"]
[Result "1-0"]

1. e4 d5 2. exd5 Qxd5 3. Nc3 Qa5 4. d4 e5 5. Nf3 Bb4 6. Bd2 exd4 7. Nxd4 Ne7 8. Bd3 O-O 9. O-O c6 10. a4 Nd7 11. Qf3 Ne5 12. Qe4 Nxd3 13. Qxd3 Bg4 14. f3 Bh5 15. Qc4 Rad8 16. Rfe1 Bc5 17. Be3 Nd5 18. Nxd5 Rxd5 19. c3 Qc7 20. b4 Bb6 21. a5 Bxd4 22. Bxd4 b5 23. Qa2 f6 24. Re4 Bf7 25. Qf2 Re8 26. Bxa7 Rxe4 27. fxe4 Rh5 28. g3 Re5 29. Re1 Bg6 30. Qd4 Qe7 31. Bc5 Qe8 32. a6 Bxe4 33. a7 Bd5 34. Rxe5 fxe5 35. Qe3 h6 36. Qc1 Qa8 37. Qa1 Kh7 38. Qa6 {Black forfeits on time} 1-0

[Event "FICS rated blitz game"]
[Site "FICS freechess.org"]
[FICSGamesDBGameNo "20000601"]
[White "checkmateJIM"]
[Black "Cocoliso"]
[WhiteElo "1733"]
[BlackElo "1757"]
[WhiteRD "na"]
[BlackRD "na"]
[TimeControl "240+0"]
[Date "1999.05.13"]
[Time "23:59:00"]
[WhiteClock "0:04:00.000"]
[BlackClock "0:04:00.000"]
[ECO "C30"]
[PlyCount "106"]
[Result "0-1"]

1. e4 e5 2. f4 Nc6 3. Nf3 exf4 4. Bc4 d6 5. d4 g5 6. O-O Bg4 7. c3 Qd7 8. g3 fxg3 9. Qb3 O-O-O 10. Nxg5 Na5 11. Qb4 Nxc4 12. Qxc4 f6 13. Nf3 Bg7 14. a4 gxh2+ 15. Kh1 f5 16. Nbd2 Nf6 17. e5 dxe5 18. Nxe5 Qd5+ 19. Qxd5 Rxd5 20. Nxg4 Nxg4 21. Nf3 h5 22. Bg5 Re8 23. c4 Rd7 24. Rad1 Re2 25. d5 Bxb2 26. c5 Ba3 27. c6 bxc6 28. Nd4 cxd5 29. Nxe2 c6 30. Nd4 c5 31. Nxf5 d4 32. Bf4 d3 33. Nd6+ Kd8 34. Rxd3 Bb4 35. Rd5 c4 36. Bg5+ Kc7 37. Nb5+ Kc8 38. Rxd7 Kxd7 39. Rd1+ Ke6 40. Rd8 Ke5 41. Bh4 Ke4 42. Bg3 c3 43. Nxa7 c2 44. Rc8 Ne3 45. Kxh2 Bd2 46. Rxc2 Nxc2 47. Nc6 Ne3 48. a5 Nd5 49. a6 Nb6 50. a7 Kf5 51. Bf2 Na8 52. Bc5 Kg4 53. Nd4 Bf4+ {White forfeits on time} 0-1

[Event "FICS rated blitz game"]
[Site "FICS freechess.org"]
[FICSGamesDBGameNo "20000600"]
[White "nunes"]
[Black "MaxFactor"]
[WhiteElo "1581"]
[BlackElo "1541"]
[WhiteRD "na"]
[BlackRD "na"]
[TimeControl "180+0"]
[Date "1999.05.13"]
[Time "22:42:00"]
[WhiteClock "0:03:00.000"]
[BlackClock "0:03:00.000"]
[ECO "A40"]
[PlyCount "70"]
[Result "0-1"]

1. d4 e6 2. c4 d6 3. Nf3 Ne7 4. e4 Ng6 5. Bd3 Be7 6. O-O O-O 7. Nc3 c5 8. h3 cxd4 9. Nxd4 e5 10. Nf3 Be6 11. Be3 Nc6 12. Qd2 b6 13. b3 Nb4 14. Bb1 Nc6 15. a3 f5 16. exf5 Bxf5 17. g4 Be4 18. Nxe4 Rxf3 19. Ng5 Bxg5 20. Bxg5 Qf8 21. Qd5+ Kh8 22. Qxc6 Rxh3 23. Kg2 Rc8 24. Qxd6 Qxd6 25. Kxh3 Nf4+ 26. Kg3 Qd4 27. Bf5 Ne2+ 28. Kg2 Rf8 29. Be3 Qd8 30. Rad1 Qh4 31. Rh1 Qf6 32. Bxh7 Qf3+ 33. Kf1 Ng3+ 34. Ke1 Qxh1+ 35. Kd2 Rd8+ {White resigns} 0-1

[Event "FICS rated blitz game"]
[Site "FICS freechess.org"]
[FICSGamesDBGameNo "20000599"]
[White "Gaus"]
[Black "Diepeveen(FM)"]
[WhiteElo "2132"]
[BlackElo "2166"]
[WhiteRD "na"]
[BlackRD "na"]
[TimeControl "240+0"]
[Date "1999.05.13"]
[Time "15:32:00"]
[WhiteClock "0:04:00.000"]
[BlackClock "0:04:00.000"]
[ECO "B13"]
[PlyCount "95"]
[Result "1-0"]

1. e4 c6 2. d4 d5 3. exd5 cxd5 4. Bd3 Nc6 5. c3 Nf6 6. Bf4 Bg4 7. Qb3 Qc8 8. Nd2 e6 9. Ngf3 Be7 10. O-O Bh5 11. Rfe1 Bg6 12. Bxg6 hxg6 13. Ne5 O-O 14. Qd1 b5 15. Qf3 a5 16. Qh3 b4 17. Ndf3 Nh7 18. Rac1 Nxe5 19. Nxe5 bxc3 20. Rxc3 Qb7 21. Qg4 Nf6 22. Qh3 Bb4 23. Rec1 Bxc3 24. Rxc3 Qxb2 25. g4 Rfc8 26. Rb3 Qxd4 27. Qg3 g5 28. Bxg5 Ne4 29. Qf4 Nxg5 30. Qxg5 Rab8 31. Nc6 Qa1+ 32. Kg2 Rxb3 33. Ne7+ Kf8 34. Nxc8 Qf6 35. Qxf6 gxf6 36. axb3 Ke8 37. Nb6 Ke7 38. Kf3 Kd6 39. h4 Kc5 40. h5 Kxb6 41. h6 Kb5 42. h7 Kb4 43. h8=Q Kxb3 44. Qxf6 a4 45. Qxf7 a3 46. Qxe6 a2 47. Qxd5+ Kb2 48. Qxa2+ {Black resigns} 1-0

[Event "FICS rated blitz game"]
[Site "FICS freechess.org"]
[FICSGamesDBGameNo "20000598"]
[White "NoThought"]
[Black "kegenzab"]
[WhiteElo "1606"]
[BlackElo "1585"]
[WhiteRD "na"]
[BlackRD "na"]
[TimeControl "300+0"]
[Date "1999.05.13"]
[Time "14:34:00"]
[WhiteClock "0:05:00.000"]
[BlackClock "0:05:00.000"]
[ECO "A80"]
[PlyCount "48"]
[Result "0-1"]

1. d4 f5 2. Bg5 Nf6 3. Bxf6 exf6 4. Nc3 g6 5. e4 fxe4 6. Nxe4 Bg7 7. Nf3 O-O 8. Bd3 d5 9. Ng3 Nc6 10. O-O Bg4 11. Be2 Bxf3 12. Bxf3 f5 13. Re1 Nxd4 14. c3 Nxf3+ 15. Qxf3 c6 16. Rad1 Qb6 17. b3 Rae8 18. Qd3 Qc7 19. Ne2 Re7 20. Nd4 Bxd4 21. Qxd4 Rfe8 22. Rxe7 Qxe7 23. Qxa7 Qe1+ 24. Rxe1 Rxe1# {White checkmated} 0-1

[Event "FICS rated blitz game"]
[Site "FICS freechess.org"]
[FICSGamesDBGameNo "20000597"]
[White "roylev"]
[Black "vidra"]
[WhiteElo "1315"]
[BlackElo "1474"]
[WhiteRD "na"]
[BlackRD "na"]
[TimeControl "300+0"]
[Date "1999.05.13"]
[Time "11:00:00"]
[WhiteClock "0:05:00.000"]
[BlackClock "0:05:00.000"]
[ECO "C33"]
[PlyCount "67"]
[Result "0-1"]

1. e4 e5 2. f4 exf4 3. Bc4 d5 4. Bxd5 Nf6 5. Nc3 Nxd5 6. Nxd5 Qh4+ 7. Kf1 Bd6 8. d4 Bg4 9. Nf3 Bxf3 10. Qxf3 Nc6 11. c3 O-O-O 12. e5 Bxe5 13. dxe5 Nxe5 14. Qe4 Ng4 15. Qxf4 Rxd5 16. g3 Qf6 17. Qxf6 Nxf6 18. Kg2 Rhd8 19. Bf4 h6 20. Rhe1 g5 21. Be5 Ng4 22. Bd4 c5 23. Bg7 Rd2+ 24. Kf3 Nxh2+ 25. Ke4 Re8+ 26. Kf5 Rxe1 27. Rxe1 Rf2+ 28. Ke5 Nf3+ 29. Kd5 Nxe1 30. Kxc5 Rf5+ 31. Kd4 Nf3+ 32. Kc4 Ne5+ 33. Kb3 h5 34. Bxe5 {White forfeits on time} 0-1